 Dungeon Crawl Stone Soup version 0.20.1-1-g8b1a95d (webtiles) character file.

618 Monsterracer the Chopper (level 7, -6/55 HPs)
             Began as a Mummy Chaos Knight on Sept 24, 2017.
             Killed from afar by a gargoyle (23 damage)
             ... with a stone arrow
             ... on level 2 of the Dungeon.
             The game lasted 00:13:04 (21337 turns).

Monsterracer the Chopper (Mummy Chaos Knight)      Turns: 21337, Time: 00:13:04

Health: -6/55      AC:  6    Str: 17    XL:     7   Next: 21%
Magic:  0/7        EV: 12    Int: 11    God:    Xom [*.....]
Gold:   2104       SH:  0    Dex: 12    Spells: 6/6 levels left

rFire    x . .     SeeInvis .   a - +0 hand axe (chaos)
rCold    + . .     Gourm    .   (no shield)
rNeg     + + +     Faith    .   b - +2 leather armour
rPois    ∞         Spirit   +   (no helmet)
rElec    .         Reflect  .   (no cloak)
rCorr    .         Harm     .   i - +0 pair of gloves
MR       .....                  (no boots)
Stlth    +.........             d - amulet of guardian spirit
Regen    0.2/turn               (no ring)
MPRegen  0.1/turn               (no ring)

@: no status effects
A: no food or potions, fire vulnerability, cold resistance 1, negative energy
resistance 3, torment resistance, unbreathing
a: Renounce Religion


You were on level 2 of the Dungeon.
You worshipped Xom.
You were a special plaything of Xom.
You were not hungry.

You visited 1 branch of the dungeon, and saw 3 of its levels.

You collected 2104 gold pieces.

Inventory:

Hand Weapons
 a - a +0 hand axe of chaos (weapon)
Armour
 b - a +2 leather armour (worn)
 f - a +0 plate armour
 i - a +0 pair of gloves (worn)
 j - a +0 shield
 l - a +2 buckler
Jewellery
 d - an amulet of guardian spirit (around neck)
Wands
 m - a wand of flame (11/48)
 n - a wand of clouds (4/9)
 r - a wand of iceblast (4/15)
Scrolls
 c - 6 scrolls of identify
 e - a scroll of recharging {unknown}
 g - 2 scrolls of teleportation {unknown}
 h - 2 scrolls of enchant armour {unknown}
 k - 2 scrolls of amnesia {unknown}
 o - a scroll of fog {unknown}
 p - a scroll of remove curse {unknown}
 q - a scroll of fear {unknown}


   Skills:
 * Level 4.6 Fighting
 * Level 5.5 Axes
 - Level 1.5 Armour
 + Level 2.1 Dodging
 + Level 1.7 Shields


You had 6 spell levels left.
You didn't know any spells.

Dungeon Overview and Level Annotations

Branches:
Dungeon (3/15)

Altars:
Xom


Innate Abilities, Weirdness & Mutations

You do not eat or drink.
Your flesh is vulnerable to fire.
You are immune to poison.
Your flesh is cold resistant. (rC+)
You are immune to negative energy. (rN+++)
You are immune to unholy pain and torment.
You can survive without breathing.


Message History

The gargoyle hurls a stone arrow at you.
The stone arrow hits you!
Huge Dmg: -15%(-8hp) hp: 55%(30hp)
You hit the gargoyle. You burn the gargoyle.
The gargoyle is almost destroyed.
The gargoyle hits you with a flail!
* * * LOW HITPOINT WARNING * * *
Huge Dmg: -13%(-7hp) hp: 42%(23hp)
You hit the gargoyle but do no damage.
The gargoyle is almost destroyed.
The gargoyle hits you but does no damage.
You hit the gargoyle but do no damage.
The gargoyle is almost destroyed. "This might be better!"
You swap places with the gargoyle.
The gargoyle hits you with a flail.
* * * LOW HITPOINT WARNING * * *
Damage: -7%(-4hp) hp: 35%(19hp) Unknown command.
The gargoyle hits you with a flail.
* * * LOW HITPOINT WARNING * * *
Damage: -5%(-3hp) hp: 30%(16hp) Unknown command.
You hit the gargoyle but do no damage.
The gargoyle is almost destroyed.
You hit the gargoyle but do no damage.
The gargoyle is almost destroyed.
The gargoyle hurls a stone arrow at you.
The stone arrow hits you!
* * * LOW MAGIC WARNING * * *
You die...

#.# #.....# #.# #.##### #.#
#.# #.# #.# #.#
#.################## #.#
#...%...............
##.#########.###############
#...........................
###...!.§§§@>...............
#.####.§§§9........###....
#w# ##§###########.# #.###
#.# #...<........#.# #.#..
#.# #.....#...##.#.# #.#..
#.# #.....'......#.# #.#..
#.###.....#...####.###.#..
#..................)...#..
#####.....#...####........


You could see a gargoyle.

Vanquished Creatures
  Sigmund (D:3)
  The ghost of Asgaroth the Ruffian, an amateur DrFi (D:3)
  A bullfrog (D:2)
  Ijyb (D:3)
  Natasha (thrice) (D:2)
  A worker ant (D:2)
  7 adders
  2 oozes
  An adder skeleton (D:2)
  5 worms
  3 dart slugs
  3 leopard geckos (D:2)
  An orc (D:3)
  13 bats
  16 goblins
  11 hobgoblins
  9 jackals
  8 kobolds
  A quokka (D:2)
  2 ball pythons
  8 frilled lizards
  8 rats
106 creatures vanquished.

Vanquished Creatures (collateral kills)
  An orc (D:3)
1 creature vanquished.

Vanquished Creatures (others)
  An orc (D:2)
  A fire vortex (D:2)
2 creatures vanquished.

Grand Total: 109 creatures vanquished

Notes
Turn   | Place    | Note
-------+----------+-------------------------------------------
     0 | D:1      | Monsterracer the Mummy Chaos Knight began the quest for the Orb.
     0 | D:1      | Reached XP level 1. HP: 18/18 MP: 1/1
    32 | D:1      | Reached XP level 2. HP: 24/24 MP: 2/2
    73 | D:1      | Reached skill level 3 in Axes
   380 | D:1      | XOM: divination: magic mapping
   900 | D:1      | Reached XP level 3. HP: 21/29 MP: 3/3
  1575 | D:1      | XOM: medium Chrm miscast
  2280 | D:1      | XOM: cloud trail
  2525 | D:1      | XOM: god gift: 7 needles of confusion
  2884 | D:1      | XOM: god gift: 29 arrows
  3230 | D:1      | XOM: god gift: ring mail {god gift}
  3677 | D:1      | XOM: stat loss: -1 Dex (10/11)
  3681 | D:1      | XOM: scenery: create altars
  3783 | D:1      | XOM: divination: detect creatures
  3889 | D:1      | XOM: harmless Conj miscast
  4034 | D:1      | XOM is BORED!
  4129 | D:1      | XOM: god gift: 1860 gold pieces
  4178 | D:1      | Noticed a two-headed ogre
  4250 | D:2      | Reached skill level 4 in Axes
  4338 | D:2      | Reached XP level 4. HP: 28/35 MP: 4/4
  4410 | D:2      | Found a faded altar of an unknown god.
  5489 | D:1      | XOM: divination: detect items
  6263 | D:1      | XOM: summons 2 hostile demons
  6595 | D:1      | XOM: cloud trail
  6829 | D:1      | Noticed a tengu conjurer
  6983 | D:2      | HP: 17/35 [something (2)]
  7018 | D:2      | HP: 15/35 [something (6)]
  7049 | D:2      | HP: 8/35 [worm (3)]
  7146 | D:2      | XOM: harmless Air miscast
  7244 | D:2      | XOM: cloud trail
  7357 | D:2      | Noticed Natasha
  7364 | D:2      | Killed Natasha
  7553 | D:2      | Noticed Natasha
  7566 | D:2      | HP: 10/35 [Natasha (8)]
  7568 | D:2      | HP: 3/35 [Natasha/magic dart (2)]
  7570 | D:2      | Killed Natasha
  7570 | D:2      | Reached skill level 1 in Dodging
  7570 | D:2      | Reached XP level 5. HP: 4/41 MP: 1/5
  7832 | D:2      | XOM: god gift: glowing buckler {god gift}
  7908 | D:2      | XOM: silly message
  8800 | D:2      | XOM: god gift: 40 gold pieces
  9127 | D:2      | XOM: scenery: create altars
  9175 | D:2      | XOM: scenery: create altars
  9278 | D:2      | XOM is BORED!
  9278 | D:2      | XOM: summons 2 hostile demons
  9300 | D:2      | XOM: god gift: murky orange potion {god gift}
  9496 | D:2      | Noticed Natasha
  9498 | D:2      | HP: 20/41 [Natasha/wand of flame (?/48) (17)]
  9502 | D:2      | HP: 5/41 [Natasha/wand of flame (?/48) (9)]
  9817 | D:2      | Killed Natasha
 10842 | D:2      | XOM: god gift: 6 meat rations
 11080 | D:2      | XOM: divination: detect items
 11213 | D:2      | XOM: divination: detect items
 11509 | D:2      | XOM: harmless Hex miscast
 11514 | D:2      | XOM: mild Fire miscast
 11702 | D:2      | XOM: god gift: wand of clouds (?/9) {god gift}
 12110 | D:2      | XOM: cloud trail
 12727 | D:2      | XOM: god gift: 21 sling bullets
 12947 | D:2      | XOM: scenery: create altars
 13123 | D:2      | XOM: harmless Hex miscast
 13124 | D:2      | XOM: summons 2 hostile shadow creatures
 13605 | D:2      | XOM: harmless Erth miscast
 13795 | D:2      | XOM: medium Ice miscast
 14258 | D:2      | XOM: mild Chrm miscast
 14918 | D:2      | XOM: medium Erth miscast
 14995 | D:2      | XOM: medium Erth miscast
 15404 | D:2      | Reached skill level 1 in Shields
 15404 | D:2      | Reached XP level 6. HP: 33/48 MP: 1/6
 15421 | D:2      | XOM: harmless Tmut miscast
 15905 | D:2      | XOM: mild Fire miscast
 15906 | D:2      | HP: 20/48 [fire vortex[the capriciousness of Xom] (28)]
 16155 | D:2      | Noticed a necromancer
 16226 | D:3      | Noticed Sigmund
 16227 | D:3      | XOM: summons friendly crimson imp
 16235 | D:3      | Killed Sigmund
 16235 | D:3      | Reached skill level 5 in Axes
 16262 | D:3      | XOM: mild Fire miscast
 16319 | D:3      | XOM: harmless Chrm miscast
 16509 | D:2      | Noticed a gargoyle
 16531 | D:3      | Noticed Ijyb
 16542 | D:3      | Noticed Asgaroth's ghost (amateur DrFi)
 16551 | D:3      | Killed Ijyb
 16594 | D:3      | XOM: enchant monster (good)
 16595 | D:3      | HP: 21/48 [Asgaroth's ghost (6)]
 16597 | D:3      | XOM: enchant monster (bad)
 16606 | D:3      | HP: 20/48 [Asgaroth's ghost (3)]
 16844 | D:3      | Killed Asgaroth's ghost
 16844 | D:3      | Reached XP level 7. HP: 51/55 MP: 5/7
 16917 | D:3      | XOM: harmless Hex miscast
 16989 | D:3      | XOM: summons 1 hostile demon
 17427 | D:2      | XOM: summons 3 hostile demons
 17865 | D:2      | XOM: harmless Summ miscast
 19006 | D:2      | XOM: noise
 19879 | D:2      | XOM is BORED!
 19879 | D:2      | XOM: mild Pois miscast
 20443 | D:2      | XOM: harmless Chrm miscast
 21332 | D:2      | HP: 23/55 [gargoyle/flail (7)]
 21334 | D:2      | XOM: swap monsters
 21337 | D:2      | Killed from afar by a gargoyle

Skill      XL: |  1  2  3  4  5  6 |
---------------+-------------------+-----
Axes           | 3 4 5 |  5.5
Dodging        | 1 2 |  2.1
Shields        | 1 |  1.7
Fighting       | 4 |  4.6
Armour         | |  1.5

Action                   |  1- 3 |  4- 6 |  7- 9 || total
-------------------------+-------+-------+-------++-------
Melee: Hand axe          |   126 |   304 |    68 ||   498
Evoke: Wand              |       |       |     1 ||     1
  Use: Scroll            |       |       |     2 ||     2
 Stab: Petrified         |     2 |       |     1 ||     3
       Paralysed         |     1 |     8 |     1 ||    10
       Confused          |       |     4 |       ||     4
Armor: Leather armour    |    40 |   114 |    15 ||   169
Dodge: Dodged            |    88 |   152 |    29 ||   269

Vault maps used:
D:1:      matt_arrival_grand_opening, minmay_box_of_dots
D:2:      chequers_ecumenical_altar_twisty, minmay_pentomino_t4, uniq_natasha
D:3:      grunt_ministairs_6, uniq_ijyb, uniq_sigmund
